 Dungeon Crawl Stone Soup version 0.30-a0-374-g95c0257040 (webtiles) character file.

Game seed: 12893277573608348031

30810 qeuew the Protected (level 13, -15/98 HPs)
             Began as a Formicid Fighter on Nov 26, 2022.
             Was an Elder of Makhleb.
             Demolished by a komodo dragon (29 damage)
             ... on level 5 of the Lair of Beasts.
             The game lasted 00:31:32 (16869 turns).

qeuew the Protected (Formicid Fighter)             Turns: 16869, Time: 00:31:32

Health: -15/98     AC: 10    Str: 24    XL:     13   Next: 91%
Magic:  19/19      EV: 13    Int:  7    God:    Makhleb [****..]
Gold:   1031       SH: 29    Dex: 24    Spells: 12/12 levels left

rFire   . . .      SeeInvis +    a - +0 war axe
rCold   + + .      Faith    .    e - +5 tower shield "Dacwu" {rC++ Will++ Str-4}
rNeg    . . .      Spirit   .    b - +1 scale mail
rPois   .          Reflect  +    (helmet unavailable)
rElec   .          Harm     .    (no cloak)
rCorr   .          Rampage  .    (no gloves)
Will    +++..      Clarity  +    (no boots)
Stlth   ++........               G - amulet of reflection
HPRegen 0.36/turn                c - ring "Lotaw" {Dex+4 Slay+4 Stlth+}
MPRegen 0.16/turn                v - +6 ring of dexterity

@: mighty, studying Ranged Weapons, unable to read
A: permanent stasis, dig shafts and tunnels, antennae 3, four strong arms,
clarity, frail 1, strong 1, inability to read after injury 2
a: Dig, Shaft Self, Renounce Religion, Minor Destruction, Lesser Servant of
Makhleb, Major Destruction


You were on level 5 of the Lair of Beasts.
You worshipped Makhleb.
Makhleb was greatly pleased with you.
You visited 4 branches of the dungeon, and saw 18 of its levels.
You also visited: Ossuary.

You collected 1031 gold pieces.

Inventory:

Hand Weapons
 a - a +0 war axe (weapon)
Missiles
 j - 4 throwing nets (quivered)
Armour
 b - a +1 scale mail (worn)
 e - the +5 tower shield "Dacwu" (worn) {rC++ Will++ Str-4}
   (You acquired it on level 2 of the Dungeon)

   Str:       It affects your strength (-4).
   rC:        It greatly protects you from cold.
   Will:      It greatly increases your willpower.
Jewellery
 c - the ring "Lotaw" (left hand) {Dex+4 Slay+4 Stlth+}
   (You acquired it on level 2 of the Dungeon)

   [ring of slaying]

   Dex:       It affects your dexterity (+4).
   Slay:      It affects your accuracy & damage with ranged weapons and melee
   (+4).
   Stlth:     It makes you more stealthy.
 k - a ring of flight
 n - a ring of poison resistance
 v - a +6 ring of dexterity (right hand)
 w - a ring of protection from cold
 G - an amulet of reflection (around neck)
Wands
 i - a wand of acid (2)
 l - a wand of flame (17)
 s - a wand of iceblast (26)
Scrolls
 f - 3 scrolls of magic mapping
 g - 6 scrolls of identify
 o - 6 scrolls of amnesia
 r - a scroll of fog
 y - 4 scrolls of fear
 B - a scroll of enchant weapon
 D - 2 scrolls of silence
 E - a scroll of enchant armour
Potions
 d - 5 potions of might
 h - 3 potions of brilliance
 m - 10 potions of curing
 p - 2 potions of flight
 q - a potion of heal wounds
 t - 2 potions of resistance
 u - 2 potions of ambrosia
 x - 2 potions of invisibility
 z - a potion of cancellation
 C - a potion of mutation


   Skills:
 * Level 12.5 Fighting
 + Level 8.1 Axes
 * Level 12.6 Armour
 + Level 7.0 Dodging
 + Level 11.0 Shields
 + Level 8.6 Invocations
 + Level 7.5 Evocations


You had 12 spell levels left.
You didn't know any spells.
Your spell library contained the following spells:

 Spells                   Type           Power      Damage    Failure   Level
 Momentum Strike          Conj/Tloc      0%         3d8       99%         2
 Static Discharge         Conj/Air       0%         2-2/arc   99%         2
 Sublimation of Blood     Necr           0%         N/A       99%         2
 Wereblood                Tmut           0%         N/A       99%         2
 Summon Guardian Golem    Hex/Summ       0%         N/A       100%        3
 Vhi's Electric Charge    Tloc/Air       0%         N/A       100%        3
 Arcjolt                  Conj/Air       0%         1d10      100%        5
 Lightning Bolt           Conj/Air       0%         1d11      100%        5
 Metabolic Englaciation   Hex/Ice        0%         N/A       100%        5
 Enfeeble                 Hex            0%         N/A       100%        7
 Summon Hydra             Summ           0%         N/A       100%        7


Dungeon Overview and Level Annotations

Branches:
Dungeon (11/15)            Temple (1/1) D:4            Lair (5/5) D:9
  Swamp (0/4) Lair:3       Spider (0/4) Lair:2        Slime (0/5) Lair:4
    Orc (1/2) D:9         Ossuary (visited)

Altars:
Ashenzari
Cheibriados
Dithmenos
Elyvilon
Fedhas
Gozag
Hepliaklqana
Kikubaaqudgha
Makhleb
Nemelex Xobeh
Okawaru
Qazlal
Ru
Sif Muna
Trog
Uskayaw
Vehumet
Wu Jian
Xom
Yredelemnul
Zin
The Shining One
Jiyva

Shops:
D:11 :

Annotations:
D:6 1 runed translucent door
Lair:2 3 runed translucent doors, NinjaNoafa's ghost, journeyman TrMo
Orc:1 Sonja


Innate Abilities, Weirdness & Mutations

You cannot be hasted, slowed, berserked, paralysed or teleported.
You can dig through walls and to a lower floor.
You have a pair of large antennae on your head. (SInv)
Your four strong arms can wield two-handed weapons with a shield.
You possess an exceptional clarity of mind.
You are frail. (-10% HP)
Your muscles are strong. (Str +4, Int/Dex -1)
You sometimes lose the ability to read scrolls when taking damage.


Message History

You kill the wolf!
Makhleb accepts your kill.
You slash the wolf! You hit the wolf. You barely miss the wolf.
You block the wolf's attack. The wolf barely misses you.
You block the wolf's attack. The wolf completely misses you.
You block the wolf's attack. The wolf bites you but does no damage.
The wolf closely misses you. x2; You block the wolf's attack.
The wolf bites you.
Unknown command.
You hit the wolf.
You kill the wolf!
Makhleb accepts your kill.
You slash the wolf!
You kill the wolf!
Makhleb accepts your kill.
You feel better.
You slash the wolf! You hit the wolf.
You kill the wolf!
Makhleb accepts your kill.
You feel better. You block the wolf's attack. x2
The komodo dragon bites you!!
You feel threatened and lose the ability to read scrolls!
The komodo dragon bites you!
You miss the wolf.
The wolf is severely wounded.
You hit the komodo dragon. x2; You block the wolf's attack.
The wolf bites you. The komodo dragon bites you!!
* * * LOW HITPOINT WARNING * * *
The komodo dragon barely misses you.
You are too injured to fight recklessly!
Unknown command.
You hit the komodo dragon.
The komodo dragon is lightly wounded.
You hit the komodo dragon. You hit the wolf. You block the wolf's attack. x2
The komodo dragon bites you!
* * * LOW HITPOINT WARNING * * *
You block the komodo dragon's attack.
Unknown command.
You feel very mighty all of a sudden. You block the wolf's attack.
The komodo dragon bites you!!
You die...

.........##
..........##
...........###
.............#
.............##
.$............###
......l.........#
......l@........#
......h...$....#
...............#
..............##
............††##
...............###
.................###
................)..##
##.......#.........##


You could see 2 komodo dragons and a wolf.

Vanquished Creatures
  2 hydras
  Harold (Lair:2)
  Erica (Lair:2)
  A catoblepas (Lair:4)
  3 two-headed ogres
  A boulder beetle (Lair:5)
  Amaemon (Lair:2)
  The ghost of bchevrier the Prestidigitator, a novice GnWn of Hepliaklqana (D:6)
  2 wolf spiders (Lair:2)
  2 black mambas
  An orange demon (Lair:2)
  6 cane toads
  A gargoyle (D:8)
  A rime drake (D:9)
  7 komodo dragons
  2 trolls
  A polar bear (Lair:1)
  11 blink frogs
  4 wraiths
  Sigmund (D:2)
  2 vampires (D:11)
  3 basilisks
  A shadow (D:11)
  5 wyverns
  32 yaks
  A steam dragon (D:7)
  2 acid dragons
  5 water moccasins
  Duvessa (D:7)
  5 orc warriors
  2 sky beasts
  5 black bears
  5 ogres
  9 wolves
  5 centaurs
  A kobold brigand (D:9)
  15 bullfrogs
  4 gnoll sergeants
  3 scorpions
  A necrophage (D:8)
  Dowan (D:7)
  6 killer bees (D:9)
  An electric eel (Lair:4)
  9 howler monkeys
  2 hounds (D:6)
  A quasit (D:8)
  5 orc priests
  Natasha (thrice) (D:3)
  An iguana (D:4)
  10 orc wizards
  A mummy (Ossuary)
  21 gnolls
  9 adders
  7 shadow imps
  5 white imps
  2 ufetubi
  3 dart slugs
  39 orcs
  8 ball pythons
  7 bats
  5 endoplasms
  4 giant cockroaches
  7 goblins
  8 hobgoblins
  2 quokkas
  5 frilled lizards
  8 gnoll skeletons (Ossuary)
  A jackal zombie (D:6)
  11 kobolds
  5 kobold skeletons
  13 orc skeletons (Ossuary)
  A rat (D:1)
368 creatures vanquished.

Vanquished Creatures (collateral kills)
  Snorg (Lair:4)
  A hydra (Lair:3)
  A komodo dragon (Lair:3)
  A tyrant leech (Lair:3)
  A wyvern (D:9)
  3 ice beasts (D:9)
8 creatures vanquished.

Vanquished Creatures (others)
  A butterfly (D:6)
  20 fungi
  18 plants
39 creatures vanquished.

Grand Total: 415 creatures vanquished

Notes
Turn   | Place    | Note
-------+----------+-------------------------------------------
     0 | D:1      | qeuew the Formicid Fighter began the quest for the Orb.
     0 | D:1      | Reached XP level 1. HP: 18/18 MP: 1/1
    75 | D:1      | Reached XP level 2. HP: 10/24 MP: 2/2
   412 | D:1      | Reached XP level 3. HP: 28/29 MP: 3/3
   465 | D:1      | Found a faded altar of an unknown god.
  1193 | D:2      | Noticed Sigmund
  1202 | D:2      | Killed Sigmund
  1203 | D:2      | Reached skill level 1 in Dodging
  1203 | D:2      | Reached XP level 4. HP: 7/38 MP: 0/4
  1203 | D:2      | Reached XP level 5. HP: 8/43 MP: 0/5
  1203 | D:2      | Reached XP level 6. HP: 9/49 MP: 0/6
  1486 | D:2      | Identified 2 scrolls of acquirement
  1486 | D:2      | Acquired the +5 tower shield "Dacwu" {rC++ Will++ Str-4}
  1499 | D:2      | Acquired the ring "Lotaw" {Dex+4 Slay+4 Stlth+}
  1514 | D:3      | Noticed Natasha
  1524 | D:3      | Killed Natasha
  1683 | D:3      | Found an opulent altar of Gozag.
  1751 | D:3      | Noticed Natasha
  1757 | D:3      | Killed Natasha
  1765 | D:3      | Reached skill level 5 in Shields
  1860 | D:3      | Found a shimmering blue altar of Sif Muna.
  1886 | D:3      | Noticed Natasha
  1909 | D:3      | Killed Natasha
  2106 | D:3      | Gained mutation: You are agile. (Dex +4, Str/Int -1)
                  | [potion of mutation]
  2106 | D:3      | Gained mutation: Your flesh is cold resistant. (rC+)
                  | [potion of mutation]
  2117 | D:4      | Noticed a black bear
  2124 | D:4      | Killed a black bear
  2125 | D:4      | Reached skill level 5 in Fighting
  2125 | D:4      | Reached skill level 5 in Armour
  2125 | D:4      | Reached XP level 7. HP: 45/56 MP: 7/7
  2231 | D:4      | Got the Codex of the Jaunt and Imprecation
  2253 | D:4      | HP: 2/56 [orc priest/+0 hand axe (3)]
  2615 | D:4      | Found a staircase to the Ecumenical Temple.
  2643 | Temple   | Entered the Ecumenical Temple
  2746 | Temple   | Became a worshipper of Xom of Chaos
  2755 | Temple   | Fell from the grace of Xom
  2755 | Temple   | Became a worshipper of Makhleb the Destroyer
  2969 | D:4      | Reached XP level 8. HP: 64/64 MP: 8/8
  3068 | D:5      | Entered Level 5 of the Dungeon
  3096 | D:5      | Reached skill level 1 in Invocations
  3111 | D:5      | XOM: polymorph ufetubus -> shadow imp
  3855 | D:5      | Reached * piety under Makhleb
  3893 | D:6      | XOM: give mutations
  3893 | D:6      | Gained mutation: Your spells are a little easier to cast,
                  | but a little less powerful. [Xom's mischief]
  3893 | D:6      | Gained mutation: You passively dampen the noise of your
                  | surroundings. [Xom's mischief]
  3893 | D:6      | Gained mutation: You occasionally lose the ability to read
                  | scrolls when taking damage. [Xom's mischief]
  3978 | D:6      | Reached XP level 9. HP: 68/71 MP: 8/10
  4114 | D:6      | Identified the -2 helmet of Insatiable Hunger {rF++}
  4265 | D:6      | Reached skill level 1 in Evocations
  4302 | D:6      | Found a runed translucent door.
  4309 | D:6      | Found a basalt altar of Yredelemnul.
  4356 | D:6      | Found a shadowy altar of Dithmenos.
  4379 | D:6      | Found a runed translucent door.
  4385 | D:6      | Noticed bchevrier's ghost (novice GnWn)
  4439 | D:6      | HP: 3/72 [bchevrier's ghost (1)]
  4440 | D:6      | Killed bchevrier's ghost
  4440 | D:6      | Reached ** piety under Makhleb
  4537 | D:6      | XOM: give mutations
  4537 | D:6      | Gained mutation: You have large cloven feet. [Xom's
                  | mischief]
  4537 | D:6      | Lost mutation: Your flesh is cold resistant. (rC+) [Xom's
                  | mischief]
  4537 | D:6      | Gained mutation: You are dopey. (Int -2) [Xom's mischief]
  4537 | D:6      | Gained mutation: You sometimes lose the ability to read
                  | scrolls when taking damage. [Xom's mischief]
  4675 | D:6      | XOM: stat loss: -1 Int (4/5)
  4793 | D:6      | Found a white marble altar of Elyvilon.
  4997 | D:6      | Found a snail-covered altar of Cheibriados.
  5033 | D:6      | Lost mutation: You sometimes lose the ability to read
                  | scrolls when taking damage. [potion of mutation]
  5033 | D:6      | Lost mutation: Your spells are a little easier to cast, but
                  | a little less powerful. [potion of mutation]
  5033 | D:6      | Lost mutation: You are dopey. (Int -2) [potion of mutation]
  5033 | D:6      | Lost mutation: You passively dampen the noise of your
                  | surroundings. [potion of mutation]
  5106 | D:7      | Found a sand-covered staircase.
  5111 | Ossuary  | Entered an ossuary
  5359 | D:7      | XOM: summons 1 hostile demon
  5368 | D:7      | Found a glowing golden altar of the Shining One.
  5397 | D:7      | Reached XP level 10. HP: 44/80 MP: 6/12
  5591 | D:7      | Found a sparkling altar of Nemelex Xobeh.
  5617 | D:7      | Reached skill level 5 in Axes
  5618 | D:7      | XOM: summons 14 hostile demons
  5774 | D:7      | Noticed Dowan
  5775 | D:7      | Noticed Duvessa
  5785 | D:7      | Killed Dowan
  5797 | D:7      | Killed Duvessa
  5797 | D:7      | XOM: summons 5 hostile demons
  6424 | D:8      | Noticed a two-headed ogre
  6431 | D:8      | Killed a two-headed ogre
  6602 | D:8      | Noticed a gargoyle
  6623 | D:8      | Killed a gargoyle
  6808 | D:8      | Reached *** piety under Makhleb
  6881 | D:8      | XOM: noise
  6922 | D:8      | Reached skill level 5 in Invocations
  7427 | D:9      | Found a staircase to the Orcish Mines.
  7482 | D:9      | XOM: noise
  7624 | D:9      | Noticed a rime drake
  7631 | D:9      | Killed a rime drake
  7632 | D:9      | Reached XP level 11. HP: 89/89 MP: 14/14
  7684 | D:9      | Found an ancient bone altar of Kikubaaqudgha.
  7794 | D:9      | Reached skill level 5 in Dodging
  7799 | D:9      | Reached **** piety under Makhleb
  8131 | D:9      | XOM: noise
  8150 | D:9      | Reached skill level 10 in Armour
  8157 | D:9      | Reached skill level 10 in Fighting
  8182 | D:9      | Reached skill level 5 in Evocations
  8328 | D:9      | Found a staircase to the Lair.
  8618 | D:10     | Entered Level 10 of the Dungeon
  8633 | D:10     | Noticed a two-headed ogre
  8644 | D:10     | Killed a two-headed ogre
  9007 | D:10     | Found a sacrificial altar of Ru.
  9248 | D:10     | Reached XP level 12. HP: 81/98 MP: 12/16
  9412 | D:10     | Found a bloodstained altar of Trog.
  9415 | D:10     | Reached ***** piety under Makhleb
  9415 | D:10     | XOM: enchant monster (bad)
  9449 | D:10     | Found a radiant altar of Vehumet.
  9451 | D:10     | Found a hazy altar of Hepliaklqana.
  9539 | D:10     | Found an ornate altar of the Wu Jian Council.
  9714 | D:10     | XOM: noise
 10001 | D:11     | Identified the +7 quarterstaff "Demonslayer" {vorpal, *Rage
                  | rF++ Str+2 Dex-2}
 10249 | D:11     | Found Fyucwi's Book Shop.
 10669 | Orc:1    | Entered Level 1 of the Orcish Mines
 10669 | Orc:1    | Noticed Sonja
 10700 | Lair:1   | Entered Level 1 of the Lair of Beasts
 10814 | Lair:1   | XOM: give mutations
 10814 | Lair:1   | Gained mutation: You sometimes lose the ability to read
                  | scrolls when taking damage. [Xom's mischief]
 10814 | Lair:1   | Gained mutation: Armour fits poorly on your strangely
                  | shaped body. [Xom's mischief]
 10814 | Lair:1   | Gained mutation: You are dopey. (Int -2) [Xom's mischief]
 10821 | Lair:1   | Lost mutation: You are agile. (Dex +4, Str/Int -1) [potion
                  | of mutation]
 10821 | Lair:1   | Lost mutation: You have large cloven feet. [potion of
                  | mutation]
 10821 | Lair:1   | Lost mutation: You are dopey. (Int -2) [potion of mutation]
 10821 | Lair:1   | Gained mutation: You are covered in fur. (AC +1) [potion of
                  | mutation]
 10821 | Lair:1   | Gained mutation: You are frail. (-10% HP) [potion of
                  | mutation]
 10821 | Lair:1   | Gained mutation: You possess an exceptional clarity of
                  | mind. [potion of mutation]
 10822 | Lair:1   | Lost mutation: You are covered in fur. (AC +1) [potion of
                  | mutation]
 10822 | Lair:1   | Lost mutation: Armour fits poorly on your strangely shaped
                  | body. [potion of mutation]
 10822 | Lair:1   | Gained mutation: Your muscles are strong. (Str +4, Int/Dex
                  | -1) [potion of mutation]
 11628 | Lair:2   | Found a hole to the Spider Nest.
 11632 | Lair:2   | Noticed Harold
 11646 | Lair:2   | XOM: noise
 11650 | Lair:2   | Killed Harold
 12160 | Lair:2   | Found a runed translucent gate.
 12161 | Lair:2   | Found a runed translucent gate.
 12161 | Lair:2   | Found a runed translucent gate.
 12161 | Lair:2   | Noticed a ten-headed hydra
 12161 | Lair:2   | Noticed a 13-headed hydra
 12161 | Lair:2   | Noticed NinjaNoafa's ghost (journeyman TrMo)
 12167 | Lair:2   | Noticed Erica
 12187 | Lair:2   | Killed Erica
 12381 | Lair:2   | Reached skill level 10 in Shields
 12944 | Lair:2   | Noticed Amaemon
 12968 | Lair:2   | Killed Amaemon
 12969 | Lair:2   | Reached XP level 13. HP: 21/95 MP: 8/18
 13613 | Lair:3   | Found an opulent altar of Gozag.
 13638 | Lair:3   | XOM: blink monster(s)
 13638 | Lair:3   | Was forgiven by Xom
 13699 | Lair:3   | Noticed a seven-headed hydra
 13709 | Lair:3   | Killed a seven-headed hydra
 13820 | Lair:3   | Noticed an eight-headed hydra
 13826 | Lair:3   | Killed an eight-headed hydra
 13962 | Lair:3   | Found a staircase to the Swamp.
 14821 | Lair:4   | Noticed an eight-headed hydra
 14828 | Lair:4   | Killed an eight-headed hydra
 15597 | Lair:4   | Noticed Snorg
 15635 | Lair:4   | Killed Snorg
 15962 | Lair:4   | Identified the +0 ring mail of Conscience {Int+5}
 15988 | Lair:4   | Found a viscous altar of Jiyva.
 15989 | Lair:4   | Found a staircase to the Slime Pits.
 16017 | Lair:4   | Noticed a catoblepas
 16048 | Lair:4   | Killed a catoblepas
 16743 | Lair:5   | Entered Level 5 of the Lair of Beasts
 16869 | Lair:5   | Demolished by a komodo dragon

Illustrated notes

Levels and vault maps discovered:
D:1:      lightli_arrival_isolated_outpost, layout_rooms,
          shapermc_ecumenical_altar_totnotflames, kennysheep_decorative_pillar,
          minmay_door_square, amethyst_killhole
D:2:      layout_basic, minmay_tree_intersection, serial_bayou_crossing,
          uniq_sigmund
D:3:      layout_rooms, mainiacjoe_overflow_alcove_4,
          mainiacjoe_overflow_brackets, uniq_natasha
D:4:      layout_basic, minmay_temple_entry_statues, minmay_manual_mail
D:5:      layout_loops_ring
D:6:      layout_gridville, nicolae_elyvilon_peaceful_grove,
          dk_yredelemnul_ordeal, lemuel_doored_altar, kennysheep_mini,
          ebering_ghost_sewer_d, kennysheep_generic_room_15
D:7:      layout_basic, tso_oasis_becter, nemelex_spade_bored_becter,
          lightli_ossuary_entry_decrepit_ruins, minmay_misc_feat_four_crosses,
          uniq_duvessa
D:8:      layout_loops_ring, serial_demonic, serial_demonic_b, serial_demonic_d,
          serial_demonic_c, serial_demonic_d
D:9:      layout_long_grid, mainiacjoe_overflow_alcove_2,
          hellmonk_lair_entry_icy, erik_orc_3, grunt_ministairs_12,
          kennysheep_generic_room_5
D:10:     layout_basic, minitemple, nzn_wu_jian_council_hall
D:11:     layout_roguey, serial_shops, nicolae_shop_window_shopping
Temple:   nicolae_temple_bog_church
Lair:1:   layout_gridlike, infiniplex_staircase_pool_2
Lair:2:   layout_loops_ring, dummy_spider_entry, gammafunk_ghost_hydra_chop,
          nicolae_lair_run_with_the_wolves, uniq_harold, uniq_erica,
          uniq_amaemon
Lair:3:   layout_long_grid, palyth_hydra_swamp_entry, basic_altar,
          guppyfry_lair_drakes, lemuel_fruit_tree
Lair:4:   layout_long_grid, slime_entry_1, serial_bayou_shore_a,
          grunt_megastairs_2, uniq_snorg
Lair:5:   cheibrodos_lair_end_hotspot, layout_regular_city
Orc:1:    layout_caves, uniq_sonja

Skill      XL: |  1  2  3  4  5  6  7  8  9 10 11 12 13 |
---------------+----------------------------------------+-----
Fighting       | 4 5 6 7 9 10 11 12 | 12.5
Armour         | 4 5 6 8 9 10 11 12 | 12.6
Dodging        | 1 2 3 4 5 6 7 |  7.0
Axes           | 3 4 5 6 7 8 |  8.1
Shields        | 5 6 7 8 9 10 11 | 11.0
Invocations    | 2 3 5 6 7 8 |  8.6
Evocations     | 2 4 5 6 7 |  7.5

Action                   |  1- 3 |  4- 6 |  7- 9 | 10-12 | 13-15 || total
-------------------------+-------+-------+-------+-------+-------++-------
Melee: War axe           |    65 |    45 |   264 |   547 |   220 ||  1141
       Kick              |       |       |    19 |   192 |       ||   211
Throw: Throwing net      |       |       |       |       |     6 ||     6
Invok: Lesser Servant of |       |       |       |     1 |    10 ||    11
       Minor Destruction |       |       |       |    69 |    50 ||   119
       Major Destruction |       |       |       |       |     1 ||     1
  Use: Scroll            |     4 |    10 |     3 |     8 |     1 ||    26
       Potion            |     1 |     2 |     6 |     5 |     1 ||    15
 Stab: Sleeping          |       |     1 |     2 |       |       ||     3
Armor: Scale mail        |    31 |     8 |    80 |   183 |    38 ||   340
Dodge: Dodged            |    27 |     4 |    64 |   301 |    93 ||   489
Block: Buckler           |    20 |       |       |       |       ||    20
       Tower shield      |       |    43 |   325 |   882 |   377 ||  1627

Table legend: (Time is in decaauts)
 A = Elapsed time spent in this place.
 B = Non-inter-level travel time spent in this place.
 C = Inter-level travel time spent in this place.
 D = Time resting spent in this place.
 E = Time spent auto-exploring this place.
 F = Levels seen in this place.
 G = Mean time per level.
                   A        B        C        D        E       F      G
               +--------+--------+--------+--------+--------+-----+--------+
         Total |  17408 |  16772 |    636 |      0 |  13761 |  19 |  916.2 |
       Dungeon |  10942 |  10484 |    458 |      0 |   8518 |  11 |  994.7 |
        Temple |    123 |    123 |      0 |      0 |     89 |   1 |  123.0 |
          Lair |   6143 |   5966 |    177 |      0 |   5053 |   5 | 1228.6 |
  Orcish Mines |      1 |      1 |      0 |      0 |      0 |   1 |    1.0 |
       Ossuary |    196 |    196 |      0 |      0 |    101 |   1 |  196.0 |
               +--------+--------+--------+--------+--------+-----+--------+

Top non-repeatable levels by time:
  Lair:4: 1965 daAuts
  Lair:2: 1705 daAuts
     D:9: 1529 daAuts
  Lair:3: 1375 daAuts
     D:6: 1239 daAuts
    D:10: 1201 daAuts
     D:8: 1128 daAuts
     D:7: 1075 daAuts
  Lair:1: 960 daAuts
    D:11: 874 daAuts
     D:4: 858 daAuts
     D:5: 853 daAuts
     D:2: 804 daAuts
     D:1: 748 daAuts
     D:3: 628 daAuts
